LNBL
BUFFALO ELECTRICS @ INDIANAPOLIS STARS
06/20/1915
 
TOP OF THE 1ST
Buffalo Electrics batting - Pitching for Indianapolis Stars : LHP Roosevelt Collins
Pitching: LHP Roosevelt Collins
Batting: RHB Forrest Vaughn 0-0: Ball
1-0: Ball
2-0: Ball
3-0: Called Strike
3-1: Called Strike
3-2: Fly out, F7 (Flyball, 7, EV 79.4 MPH)
Batting: LHB John Myers 0-0: Called Strike
0-1: Ball
1-1: Ball
2-1: SINGLE (Line Drive, 4MD, EV 94.4 MPH)
Batting: LHB Ed Mosley 0-0: Called Strike
0-1: Foul Ball, location: 25F
0-2: SINGLE (Line Drive, 56D, EV 97.5 MPH)
John Myers to second
Batting: RHB Charles Saunders 0-0: Ball
1-0: Swinging Strike
1-1: Swinging Strike
1-2: Strikes out swinging
Batting: RHB Andy Hayes 0-0: Ball
1-0: Foul Ball, location: 3F
1-1: Foul Ball, location: 2F
1-2: Strikes out swinging, 2-3 out at first.
Top of the 1st over - 0 runs, 2 hits, 0 errors, 2 left on base; Buffalo 0 - Indianapolis 0
BOTTOM OF THE 1ST
Indianapolis Stars batting - Pitching for Buffalo Electrics : RHP Hamilton Armstrong
Pitching: RHP Hamilton Armstrong
Batting: RHB Joe Roberts 0-0: Foul Ball, location: 2F
0-1: SINGLE (Groundball, 4MD, EV 97.5 MPH)
Batting: RHB Pete Presswood 0-0: Fielders Choice at 2nd, 6-4 (Groundball, 6, EV 84.4 MPH)
Batting: LHB Bob Brooks 0-0: Ball
1-0: Called Strike
1-1: Foul Ball, location: 9LMF
1-2: Ball
2-2: Strikes out swinging
Batting: RHB Ed Maxwell 0-0: Ball
Pete Presswood is caught stealing 2nd base 2-4
Bottom of the 1st over - 0 runs, 1 hit, 0 errors, 0 left on base; Buffalo 0 - Indianapolis 0
TOP OF THE 2ND
Buffalo Electrics batting - Pitching for Indianapolis Stars : LHP Roosevelt Collins
Batting: SHB Esco Johnson 0-0: SINGLE (Groundball, 4MD, EV 95.6 MPH)
Batting: RHB R.T. Harper 0-0: Sac Bunt to 5S - play at first, batter OUT! 5-3
Esco Johnson to second
Batting: RHB Allen McMurray 0-0: Swinging Strike
0-1: Called Strike
0-2: Ground out 4-3 (Groundball, 4, EV 103.8 MPH)
Esco Johnson to third
Batting: RHB Hamilton Armstrong 0-0: Called Strike
0-1: Called Strike
0-2: Ball
1-2: Ground out 4-3 (Groundball, 4, EV 103.1 MPH)
Top of the 2nd over - 0 runs, 1 hit, 0 errors, 1 left on base; Buffalo 0 - Indianapolis 0
BOTTOM OF THE 2ND
Indianapolis Stars batting - Pitching for Buffalo Electrics : RHP Hamilton Armstrong
Batting: RHB Ed Maxwell 0-0: Ball
1-0: Called Strike
1-1: Foul Ball, location: 2F
1-2: Ball
2-2: Ball
3-2: Base on Balls
Batting: RHB Will Blankenship 0-0: Called Strike
0-1: Ball
1-1: Swinging Strike
1-2: Foul Ball, location: 2F
1-2: Fielders Choice at 2nd, 6-4 (Groundball, 6M, EV 80.6 MPH)
Batting: RHB Alonzo Dean 0-0: Sac Bunt to 13 - play at first, batter OUT! 1-3
Will Blankenship to second
Batting: RHB Sam Redwine 0-0: Ball
1-0: Called Strike
1-1: Fly out, F3 (Popup, 3SF, EV 86.9 MPH)
Bottom of the 2nd over - 0 runs, 0 hits, 0 errors, 1 left on base; Buffalo 0 - Indianapolis 0
TOP OF THE 3RD
Buffalo Electrics batting - Pitching for Indianapolis Stars : LHP Roosevelt Collins
Batting: RHB Forrest Vaughn 0-0: Called Strike
0-1: Ball
1-1: Ball
2-1: Ball
3-1: Swinging Strike
3-2: Ground out 4-3 (Groundball, 4, EV 90.6 MPH)
Batting: LHB John Myers 0-0: Ball
1-0: SINGLE (Groundball, 34D, EV 105.6 MPH)
Batting: LHB Ed Mosley 0-0: Ball
1-0: SINGLE (Line Drive, 8LS, EV 90.6 MPH)
John Myers to second
Batting: RHB Charles Saunders 0-0: Ball
1-0: Ball
2-0: Grounds into double play, 6-4-3 (Groundball, 6, EV 105.6 MPH)
Top of the 3rd over - 0 runs, 2 hits, 0 errors, 1 left on base; Buffalo 0 - Indianapolis 0
BOTTOM OF THE 3RD
Indianapolis Stars batting - Pitching for Buffalo Electrics : RHP Hamilton Armstrong
Batting: RHB Sol Griffin 0-0: Ball
1-0: Called Strike
1-1: Foul Ball, location: 2F
1-2: Ball
2-2: Ball
3-2: Fly out, F4 (Popup, 34S, EV 71.9 MPH)
Batting: LHB Roosevelt Collins 0-0: Ball
1-0: Foul Ball, location: 25FF
1-1: Ball
2-1: Ground out 6-3 (Groundball, 6S, EV 93.8 MPH)
Batting: RHB Joe Roberts 0-0: Ground out 1-3 (Groundball, 15, EV 71.3 MPH)
Bottom of the 3rd over - 0 runs, 0 hits, 0 errors, 0 left on base; Buffalo 0 - Indianapolis 0
TOP OF THE 4TH
Buffalo Electrics batting - Pitching for Indianapolis Stars : LHP Roosevelt Collins
Batting: RHB Andy Hayes 0-0: Fly out, F8 (Flyball, 8RS, EV 86.9 MPH)
Batting: SHB Esco Johnson 0-0: Ball
1-0: Swinging Strike
1-1: Foul Ball, location: 3F
1-2: Ball
2-2: Foul Ball, location: 9LMF
2-2: Ground out 4-3 (Groundball, 4M, EV 89.4 MPH)
Batting: RHB R.T. Harper 0-0: Fly out, F7 (Line Drive, 7S, EV 91.9 MPH)
Top of the 4th over - 0 runs, 0 hits, 0 errors, 0 left on base; Buffalo 0 - Indianapolis 0
BOTTOM OF THE 4TH
Indianapolis Stars batting - Pitching for Buffalo Electrics : RHP Hamilton Armstrong
Batting: RHB Pete Presswood 0-0: Called Strike
0-1: Ground out 5-3 (Groundball, 56, EV 82.5 MPH)
Batting: LHB Bob Brooks 0-0: Swinging Strike
0-1: Foul Ball, location: 7LDF
0-2: Ball
1-2: Foul Ball, location: 5SF
1-2: Foul Ball, location: 2F
1-2: Ball
2-2: SINGLE (Groundball, 34D, EV 105.6 MPH)
Batting: RHB Ed Maxwell 0-0: Fly out, F3 (Popup, 34S, EV 85.6 MPH)
Batting: RHB Will Blankenship 0-0: Fly out, F6 (Line Drive, 6D, EV 73.1 MPH)
Bottom of the 4th over - 0 runs, 1 hit, 0 errors, 1 left on base; Buffalo 0 - Indianapolis 0
TOP OF THE 5TH
Buffalo Electrics batting - Pitching for Indianapolis Stars : LHP Roosevelt Collins
Batting: RHB Allen McMurray 0-0: Called Strike
0-1: Foul Ball, location: 2F
0-2: Ball
1-2: Ball
2-2: Strikes out swinging
Batting: RHB Hamilton Armstrong 0-0: Ground out 6-3 (Groundball, 6, EV 66.9 MPH)
Batting: RHB Forrest Vaughn 0-0: Called Strike
0-1: Fly out, F9 (Flyball, 9S, EV 86.9 MPH)
Top of the 5th over - 0 runs, 0 hits, 0 errors, 0 left on base; Buffalo 0 - Indianapolis 0
BOTTOM OF THE 5TH
Indianapolis Stars batting - Pitching for Buffalo Electrics : RHP Hamilton Armstrong
Batting: RHB Alonzo Dean 0-0: Called Strike
0-1: Ball
1-1: Swinging Strike
1-2: Ground out 5-3 (Groundball, 56, EV 105.6 MPH)
Batting: RHB Sam Redwine 0-0: Ball
1-0: Swinging Strike
1-1: Ground out 6-3 (Groundball, 6, EV 90.0 MPH)
Batting: RHB Sol Griffin 0-0: Ground out 5-3 (Groundball, 5, EV 86.9 MPH)
Bottom of the 5th over - 0 runs, 0 hits, 0 errors, 0 left on base; Buffalo 0 - Indianapolis 0
TOP OF THE 6TH
Buffalo Electrics batting - Pitching for Indianapolis Stars : LHP Roosevelt Collins
Batting: LHB John Myers 0-0: Ball
1-0: Ball
2-0: Called Strike
2-1: Called Strike
2-2: SINGLE (Groundball, 4MD, EV 101.9 MPH)
Batting: LHB Ed Mosley 0-0: Foul Ball, location: 7LSFF
0-1: Foul Ball, location: 23F
0-2: Ball
1-2: Strikes out swinging
Batting: RHB Charles Saunders 0-0: Sac Bunt to 15 - play at first, batter OUT! 1-3
John Myers to second
Batting: RHB Andy Hayes 0-0: Ball
1-0: Ball
2-0: Called Strike
2-1: Called Strike
2-2: Ground out 5-3 (Groundball, 56, EV 87.5 MPH)
Top of the 6th over - 0 runs, 1 hit, 0 errors, 1 left on base; Buffalo 0 - Indianapolis 0
BOTTOM OF THE 6TH
Indianapolis Stars batting - Pitching for Buffalo Electrics : RHP Hamilton Armstrong
Batting: LHB Roosevelt Collins 0-0: Fly out, F9 (Flyball, 9, EV 97.5 MPH)
Batting: RHB Joe Roberts 0-0: Ball
1-0: Ball
2-0: Called Strike
2-1: Called Strike
2-2: Fly out, F1 (Line Drive, P, EV 67.5 MPH)
Batting: RHB Pete Presswood 0-0: Reached on error, E6 (Groundball, 6, EV 77.5 MPH)
Batting: LHB Bob Brooks 0-0: Ball
Passed Ball!
Pete Presswood to second
1-0: DOUBLE (Line Drive, 8LXD, EV 102.5 MPH)
Pete Presswood scores
Batting: RHB Ed Maxwell 0-0: Ball
1-0: Foul Ball, location: 5SF
1-1: Ball
2-1: Ground out 5-3 (Groundball, 56S, EV 87.5 MPH)
Bottom of the 6th over - 1 run, 1 hit, 1 error, 1 left on base; Buffalo 0 - Indianapolis 1
TOP OF THE 7TH
Buffalo Electrics batting - Pitching for Indianapolis Stars : LHP Roosevelt Collins
Batting: SHB Esco Johnson 0-0: Ball
1-0: Fly out, F8 (Flyball, 8RM, EV 97.5 MPH)
Batting: RHB R.T. Harper 0-0: Foul Ball, location: 2F
0-1: Foul Ball, location: 9LDF
0-2: Ground out 6-3 (Groundball, 56, EV 102.5 MPH)
Batting: RHB Allen McMurray 0-0: Called Strike
0-1: Swinging Strike
0-2: Ball
1-2: Strikes out swinging
Top of the 7th over - 0 runs, 0 hits, 0 errors, 0 left on base; Buffalo 0 - Indianapolis 1
BOTTOM OF THE 7TH
Indianapolis Stars batting - Pitching for Buffalo Electrics : RHP Hamilton Armstrong
Batting: RHB Will Blankenship 0-0: Ball
1-0: Ball
2-0: Called Strike
2-1: DOUBLE (Flyball, 8RXD, EV 108.1 MPH)
Batting: RHB Alonzo Dean 0-0: Bunted foul
0-1: Sac Bunt to 3S - play at first, batter OUT! 3-1
Will Blankenship to third
Batting: RHB Sam Redwine 0-0: Ball
1-0: Called Strike
1-1: Foul Ball, location: 3DF
1-2: Foul Ball, location: 5FF
1-2: Ground out 6-3 (Groundball, 6, EV 96.9 MPH)
Batting: RHB Sol Griffin 0-0: Called Strike
0-1: Ball
1-1: Fly out, F9 (Flyball, 9D, EV 84.4 MPH)
Bottom of the 7th over - 0 runs, 1 hit, 0 errors, 1 left on base; Buffalo 0 - Indianapolis 1
TOP OF THE 8TH
Buffalo Electrics batting - Pitching for Indianapolis Stars : LHP Roosevelt Collins
Batting: RHB Hamilton Armstrong 0-0: Ball
1-0: Ball
2-0: Called Strike
2-1: Foul Ball, location: 9LSF
2-2: Strikes out looking
Batting: RHB Forrest Vaughn 0-0: Called Strike
0-1: Ball
1-1: Ball
2-1: SINGLE (Line Drive, 8RS, EV 86.9 MPH)
Batting: LHB John Myers 0-0: Bunt - Flyout to 15S! F1
Pinch Hitting: RHB Pete Cooper 0-0: Called Strike
0-1: Called Strike
0-2: Strikes out looking
Top of the 8th over - 0 runs, 1 hit, 0 errors, 1 left on base; Buffalo 0 - Indianapolis 1
BOTTOM OF THE 8TH
Indianapolis Stars batting - Pitching for Buffalo Electrics : RHP Hamilton Armstrong
Now at 1B: Pete Cooper
Batting: LHB Roosevelt Collins 0-0: Called Strike
0-1: Ball
1-1: Called Strike
1-2: Strikes out swinging
Batting: RHB Joe Roberts 0-0: Ball
1-0: Ball
2-0: Ball
3-0: Called Strike
3-1: Swinging Strike
3-2: Foul Ball, location: 2F
3-2: Foul Ball, location: 2F
3-2: Base on Balls
Batting: RHB Pete Presswood 0-0: Ball
1-0: Fly out, F5 (Popup, 5F, EV 66.3 MPH)
Batting: LHB Bob Brooks 0-0: Ball
1-0: Called Strike
1-1: SINGLE (Groundball, 34D, EV 106.9 MPH)
Joe Roberts to second
Batting: RHB Ed Maxwell 0-0: Ball
1-0: Called Strike
1-1: Called Strike
1-2: Ball
2-2: Ball
3-2: SINGLE (Groundball, 6S, EV 70.0 MPH) (infield hit)
Joe Roberts to third
Bob Brooks to second
Batting: RHB Will Blankenship 0-0: Ball
1-0: SINGLE (Line Drive, 9LS, EV 98.8 MPH)
Joe Roberts scores
Bob Brooks to third
Ed Maxwell to second
Batting: RHB Alonzo Dean 0-0: Ball
1-0: Ball
2-0: Ground out U3 (Groundball, 3, EV 86.9 MPH)
Bottom of the 8th over - 1 run, 3 hits, 0 errors, 3 left on base; Buffalo 0 - Indianapolis 2
TOP OF THE 9TH
Buffalo Electrics batting - Pitching for Indianapolis Stars : LHP Roosevelt Collins
Batting: RHB Charles Saunders 0-0: Ball
1-0: Called Strike
1-1: Called Strike
1-2: Foul Ball, location: 25FF
1-2: Ball
2-2: Strikes out swinging
Batting: RHB Andy Hayes 0-0: Ball
1-0: Ground out 4-3 (Groundball, 4, EV 87.5 MPH)
Batting: SHB Esco Johnson 0-0: Ball
1-0: Ball
2-0: Ball
3-0: Called Strike
3-1: Foul Ball, location: 2F
3-2: Fly out, F8 (Flyball, 8LM, EV 88.1 MPH)
Top of the 9th over - 0 runs, 0 hits, 0 errors, 0 left on base; Buffalo 0 - Indianapolis 2
Sunday, November 17th , 2024 - OOTP Baseball 25.10 Build 95